[Event "fics rated crazyhouse match"]
[Site "fics, Oklahoma City, OK USA"]
[Date "2000.03.16"]
[White "Eyefor"]
[WhiteElo "2353"]
[Black "LordPixel"]
[BlackElo "2424"]
[TimeControl "60+0"]
[Result "1-0"]

1. e4 Nf6 2. e5 Nd5 3. d4 Nc6 4. Bc4 e6 5. Bxd5 exd5 6. Nc3 
B@b4 7. Ne2 d6 8. exd6 Bfxd6 9. P@c5 Be7 10. N@h5 Rg8 11. Bf4 Bg4 
12. Nhg3 Bxc3+ 13. bxc3 P@f3 14. Ng1 N@b2 15. Qc1 fxg2 16. Qxb2 gxh1=Q 17. Nxh1 
P@g2 18. Ng3 R@f6 19. Qxb7 Rxf4 20. Qxc6+ Kf8 21. N@b7 Qe8 22. Qxc7 Bd6+ 
23. P@e7+ Qxe7+ 24. Qxe7+ Bxe7 25. N@d3 Rxd4 26. P@d6 Q@e5+ 27. Q@e3 Qxe3+ 28. fxe3 
P@d2+ 29. Kxd2 Q@f2+ 30. B@e2 
{LordPixel forfeits on time} 1-0

[Event "fics rated crazyhouse match"]
[Site "fics, Oklahoma City, OK USA"]
[Date "2000.03.16"]
[White "LordPixel"]
[WhiteElo "2414"]
[Black "Eyefor"]
[BlackElo "2363"]
[TimeControl "60+0"]
[Result "1-0"]

1. e4 e6 2. d4 d6 3. Nf3 Nf6 4. Bd3 Be7 5. e5 Nd5 6. O-O 
Nc6 7. exd6 Bxd6 8. P@e5 Bb4 9. a3 Be7 10. h3 P@c5 11. dxc5 Bxc5 
12. P@b5 Nd4 13. Nxd4 Bxd4 14. N@f3 Bc5 15. Bg5 P@h2+ 16. Kxh2 Be7 17. Bxe7 
Qxe7 18. B@h4 g5 19. Bxg5 f6 20. exf6 Nxf6 21. P@e5 P@e2 22. Qxe2 O-O 
23. Kg1 N@h5 24. exf6 Nxf6 25. N@h6+ Kh8 26. Nf5 Qc5 27. Bxf6+ Rxf6 28. P@g7+ 
Kg8 29. N@e7+ Qxe7 30. Nxe7+ Kxg7 31. Q@g8+ Kh6 32. Qxh7# 
{Eyefor checkmated} 1-0

[Event "fics rated crazyhouse match"]
[Site "fics, Oklahoma City, OK USA"]
[Date "2000.03.16"]
[White "Eyefor"]
[WhiteElo "2356"]
[Black "LordPixel"]
[BlackElo "2421"]
[TimeControl "60+0"]
[Result "0-1"]

1. e4 Nf6 2. Nc3 d5 3. exd5 Nxd5 4. Nf3 e6 5. d4 Bb4 6. Bd2 
Bxc3 7. Bxc3 Nxc3 8. bxc3 P@b2 9. Bb5+ c6 10. B@g5 bxa1=Q 11. Qxa1 Qc7 
12. N@h5 R@e4+ 13. Kd1 N@f5 14. Bd3 h6 15. Bxh6 Rxh6 16. Nxg7+ Nxg7 17. Bxe4 
N@f6 18. P@d3 Ng4 19. R@g8+ B@f8 20. Rxf8+ Kxf8 21. B@g3 B@f4 22. P@h7 Bxg3 
23. P@e7+ Qxe7 24. fxg3 Nf2+ 25. Ke2 Nxe4 26. dxe4 B@b5+ 27. P@d3 Rxh7 28. N@g5 
Rh5 29. B@b4 P@d6 30. Nxf7 Qxf7 31. Bxd6+ P@e7 32. Bxb8 Rxb8 33. N@d8 Qg6 
34. P@c4 B@b6 35. cxb5 Bxd8 36. bxc6 bxc6 37. Ne5 Rxe5 38. dxe5 N@g4 39. R@h8+ 
B@g8 40. P@h7 R@f2# 
{Eyefor forfeits on time} 0-1

[Event "fics rated crazyhouse match"]
[Site "fics, Oklahoma City, OK USA"]
[Date "2000.03.16"]
[White "Eyefor"]
[WhiteElo "2343"]
[Black "LordPixel"]
[BlackElo "2434"]
[TimeControl "60+0"]
[Result "0-1"]

1. e4 Nf6 2. e5 Nd5 3. d4 Nc6 4. Bc4 e6 5. Bxd5 exd5 6. Nc3 
d6 7. N@g5 dxe5 8. dxe5 Nxe5 9. P@f4 P@b4 10. fxe5 bxc3 11. bxc3 N@h4 
12. Kf1 P@b2 13. Bxb2 Qxg5 14. N@e3 Nxg2 15. Nxg2 N@d2+ 16. Ke1 Qxg2 17. Qxd2 
N@e4 18. N@b5 B@b6 19. P@d7+ Bxd7 20. Qd3 P@d2+ 21. Qxd2 Nxd2 22. N@c5 Q@f1+ 
23. Kxd2 P@e3+ 24. Kxe3 Qgxf2# 
{Eyefor checkmated} 0-1

[Event "fics rated crazyhouse match"]
[Site "fics, Oklahoma City, OK USA"]
[Date "2000.03.16"]
[White "Eyefor"]
[WhiteElo "2331"]
[Black "LordPixel"]
[BlackElo "2446"]
[TimeControl "60+0"]
[Result "0-1"]

1. e4 e6 2. d4 Nf6 3. e5 Nd5 4. Nf3 Nc6 5. Be2 d6 6. exd6 
Bxd6 7. O-O O-O 8. Nc3 Nxc3 9. bxc3 N@e4 10. N@b5 Be7 11. P@h6 gxh6 
12. Bxh6 P@g7 13. Bxg7 Kxg7 14. P@d3 Nxf2 15. Rxf2 P@e3 16. Rf1 P@f2+ 17. Kh1 
Kg8 18. P@g7 Kxg7 19. N@c4 P@f4 20. Nxc7 Qxc7 21. P@b5 Nb8 22. Rxf2 exf2 
23. Qf1 N@g4 24. P@h3 Ne3 25. Nxe3 fxe3 26. b6 Qxc3 27. N@c7 P@b2 28. Rd1 
Nc6 29. Nxa8 Qxc2 30. bxa7 Kh8 31. P@g7+ Kxg7 32. R@c4 N@c3 33. Rxc3 Qxc3 
34. N@b5 Qa5 35. Nac7 Nxa7 36. Nxa7 Qxc7 37. Nxc8 Qxc8 38. N@h5+ Kg8 39. B@f6 
N@f5 40. Bxe7 Nxe7 41. Nf6+ Kh8 42. B@a3 P@g7 43. Bxe7 gxf6 44. Bxf6+ P@g7 
45. Bxg7+ Kxg7 46. N@e7 Qd7 47. P@h6+ Kxh6 
{Eyefor forfeits on time} 0-1

[Event "fics rated crazyhouse match"]
[Site "fics, Oklahoma City, OK USA"]
[Date "2000.03.16"]
[White "LordPixel"]
[WhiteElo "2451"]
[Black "Eyefor"]
[BlackElo "2326"]
[TimeControl "60+0"]
[Result "1-0"]

1. e4 e6 2. d4 d6 3. Nf3 Nf6 4. Bd3 Nc6 5. c3 e5 6. d5 
Nb8 7. h3 Nbd7 8. Be3 h6 9. Na3 Be7 10. Qa4 a6 11. Rd1 Nh5 
12. Nb5 Rb8 13. Na7 Nf6 14. Nxc8 Qxc8 15. B@d2 Nh5 16. Rh2 N@f4 17. Bc2 
Ra8 18. g4 Nf6 19. Bxf4 b5 20. Qa3 exf4 21. N@f5 B@f8 22. Bxf4 Ne5 
23. Bxe5 dxe5 24. Qxe7+ Bxe7 25. B@c6+ B@d7 26. P@b7 Bxc6 27. bxc8=Q+ Rxc8 28. Nxg7+ 
Kf8 29. dxc6 Kxg7 30. N@f5+ Kf8 31. P@g7+ Ke8 32. Q@d7+ Nxd7 33. cxd7+ Kd8 
34. N@c6# 
{Eyefor checkmated} 1-0

[Event "fics rated crazyhouse match"]
[Site "fics, Oklahoma City, OK USA"]
[Date "2000.03.16"]
[White "LordPixel"]
[WhiteElo "2461"]
[Black "Eyefor"]
[BlackElo "2316"]
[TimeControl "60+0"]
[Result "1-0"]

1. d4 e6 2. Nc3 d6 3. e4 Nf6 4. Nf3 Nc6 5. Bb5 Ng4 6. Ng5 
Nxf2 7. Kxf2 P@f6 8. Nf3 Bd7 9. Ke1 Nb4 10. Bxd7+ Qxd7 11. a3 Nc6 
12. N@b4 Nxb4 13. axb4 N@c4 14. B@b5 B@c6 15. Bxc4 d5 16. exd5 exd5 17. Be2 
Bxb4 18. N@c5 Bxc5 19. dxc5 P@f2+ 20. Kxf2 N@g4+ 21. Kf1 P@e3 22. P@b5 Nxh2+ 
23. Rxh2 P@g3 24. bxc6 bxc6 25. N@h5 gxh2 26. Nxg7+ Kf8 27. Nxh2 R@h1+ 28. B@g1 
P@f2 29. Nf3 fxg1=Q+ 30. Nxg1 Rxg1+ 31. Kxg1 B@f2+ 32. Kh2 Qe7 33. Nxd5 Qe5+ 
34. B@f4 Qxf4+ 35. Nxf4 B@g3+ 36. Kh1 Bxf4 37. N@e6+ fxe6 38. Nxe6+ Kf7 39. Qd7+ 
N@e7 40. R@g7# 
{Eyefor checkmated} 1-0

[Event "fics rated crazyhouse match"]
[Site "fics, Oklahoma City, OK USA"]
[Date "2000.03.16"]
[White "Eyefor"]
[WhiteElo "2311"]
[Black "LordPixel"]
[BlackElo "2466"]
[TimeControl "60+0"]
[Result "0-1"]

1. e4 e6 2. d4 d6 3. Nf3 Nf6 4. Bd3 Be7 5. e5 Nd5 6. O-O 
Nc6 7. exd6 Bxd6 8. P@e5 Bb4 9. a3 Be7 10. h3 P@c5 11. dxc5 Bxc5 
12. P@b5 Nd4 13. Nxd4 Bxd4 14. N@f3 Bc5 15. Bg5 P@h2+ 16. Kxh2 Be7 17. Bxe7 
Qxe7 18. B@h4 Qd7 19. Kg1 N@e3 20. fxe3 Nxe3 21. Qe2 Nxf1 22. Kxf1 R@h1+ 
23. N@g1 P@h2 24. Nxh2 Qd4 25. Bf2 Qxb2 26. N@h5 Qxa1 27. Nxg7+ Kf8 28. P@e7+ 
Kxe7 29. P@f6+ Kd7 30. P@c6+ Kd8 31. Qd1 Rxh2 32. cxb7 Bxb7 33. Bxh7+ P@d4 
34. P@e7+ Kc8 35. P@d7+ Kxd7 36. Bxd4 R@f4# 
{Eyefor forfeits on time} 0-1

[Event "fics rated crazyhouse match"]
[Site "fics, Oklahoma City, OK USA"]
[Date "2000.03.16"]
[White "LordPixel"]
[WhiteElo "2471"]
[Black "Eyefor"]
[BlackElo "2306"]
[TimeControl "60+0"]
[Result "1-0"]

1. e4 Nf6 2. Nc3 d5 3. exd5 Nxd5 4. Nf3 e6 5. d4 Bb4 6. Bd2 
Bxc3 7. Bxc3 Nxc3 8. bxc3 P@b2 9. Bb5+ c6 10. Rb1 cxb5 11. N@h5 N@f5 
12. Rxb2 B@g4 13. Nf4 Bxf3 14. Qxf3 N@h4 15. Qe2 B@c4 16. P@d3 Qa5 17. B@b4 
Qc7 18. B@e5 Qc6 19. P@e4 Nxg2+ 20. Nxg2 P@h3 21. Nf4 Nxd4 22. cxd4 P@g2 
23. Rg1 Bxd3 24. Nxd3 P@a3 25. Rb3 a5 26. N@d6+ Kf8 27. Nxc8+ axb4 28. B@d6+ 
Ke8 29. N@c7+ Kd8 30. Nxa8 B@c3+ 31. Kd1 Qxc8 32. B@c7+ Ke8 33. R@e7+ Kf8 
34. Nb6 N@f4 35. Nxc8 Nxe2 36. Q@e8# 
{Eyefor checkmated} 1-0

[Event "fics rated crazyhouse match"]
[Site "fics, Oklahoma City, OK USA"]
[Date "2000.03.16"]
[White "LordPixel"]
[WhiteElo "2463"]
[Black "Eyefor"]
[BlackElo "2314"]
[TimeControl "60+0"]
[Result "0-1"]

1. e4 e6 2. d4 d6 3. Nf3 Nf6 4. Bd3 Be7 5. e5 Ng4 6. Qe2 
Nc6 7. exd6 Bxd6 8. h3 Nxf2 9. Qxf2 P@g3 10. Qd2 Bb4 11. P@c3 Bd6 
12. N@h5 Kf8 13. Nxg7 P@f2+ 14. Kd1 Kxg7 15. P@c5 Be7 16. Qf4 N@f5 17. Bxf5 
exf5 18. Qxg3+ B@g6 19. Qxf2 Kf8 20. Bh6+ Kg8 21. P@g7 Bf6 22. gxh8=Q+ Bxh8 
23. P@g7 Bxg7 24. Bxg7 Kxg7 25. B@g5 f6 26. Bxf6+ Qxf6 27. P@g5 Qe7 28. N@h6 
P@e2+ 29. Ke1 Qd8 30. Qxe2 P@e4 31. Ne5 B@h4+ 32. Qf2 Bxf2+ 33. Kxf2 B@e3+ 
34. Kxe3 Qxg5+ 35. B@f4 Qxf4+ 36. Kxf4 Q@f2+ 37. P@f3 B@e3# 
{LordPixel checkmated} 0-1

[Event "fics rated crazyhouse match"]
[Site "fics, Oklahoma City, OK USA"]
[Date "2000.03.16"]
[White "LordPixel"]
[WhiteElo "2441"]
[Black "Eyefor"]
[BlackElo "2336"]
[TimeControl "60+0"]
[Result "0-1"]

1. e4 Nf6 2. Nc3 d5 3. exd5 Nxd5 4. d4 e6 5. Nxd5 exd5 6. Nf3 
Nc6 7. Be2 P@e4 8. Ne5 Nxe5 9. dxe5 N@c4 10. Bxc4 dxc4 11. Qxd8+ Kxd8 
12. Q@d5+ Q@d7 13. Qxd7+ Bxd7 14. Q@d5 N@b4 15. Qxe4 B@d5 16. Bg5+ Kc8 17. Qe2 
Bxg2 18. P@e7 Nxc2+ 19. Qxc2 Q@a5+ 20. Qc3 Qxc3+ 21. bxc3 Bxe7 22. Bxe7 Q@e4+ 
23. N@e3 Bxh1 24. Q@g3 R@g2 25. Qh4 Qxe3+ 26. Kd1 Rg1+ 27. Kc2 P@d3+ 28. Kb2 
Qd2+ 29. P@c2 Qxc2+ 30. Ka3 Qxc3+ 31. N@b3 N@c2# 
{LordPixel checkmated} 0-1

[Event "fics rated crazyhouse match"]
[Site "fics, Oklahoma City, OK USA"]
[Date "2000.03.16"]
[White "LordPixel"]
[WhiteElo "2421"]
[Black "Eyefor"]
[BlackElo "2356"]
[TimeControl "60+0"]
[Result "0-1"]

1. e4 e6 2. d4 d5 3. exd5 exd5 4. Bb5+ Nc6 5. Qe2+ Qe7 6. Bf4 
Qxe2+ 7. Nxe2 Bb4+ 8. Nbc3 Ba5 9. P@a6 Bxc3+ 10. Nxc3 Q@e7+ 11. Q@e5 N@b4 
12. Qxe7+ Nxe7 13. Q@e2 Q@g4 14. Bxc6+ bxc6 15. Qxg4 Nxc2+ 16. Kd2 P@e3+ 17. Kxc2 
Bxg4 18. fxe3 Q@f2+ 19. Q@d2 P@d3+ 20. Kxd3 B@f5+ 21. P@e4 dxe4+ 22. Kc2 P@d3+ 
23. Kb1 Qxd2 24. N@d6+ cxd6 25. N@c7+ Kf8 26. Ne6+ Bxe6 27. Rc1 Qxc1+ 28. Kxc1 
Q@c2# 
{LordPixel checkmated} 0-1

[Event "fics rated crazyhouse match"]
[Site "fics, Oklahoma City, OK USA"]
[Date "2000.03.16"]
[White "Eyefor"]
[WhiteElo "2365"]
[Black "LordPixel"]
[BlackElo "2412"]
[TimeControl "60+0"]
[Result "0-1"]

1. e4 e6 2. d4 d6 3. Nc3 Nf6 4. Nf3 Be7 5. Be2 Nc6 6. O-O 
e5 7. dxe5 Nxe5 8. Nxe5 dxe5 9. Qxd8+ Bxd8 10. P@g5 Ng4 11. Bxg4 Bxg4 
12. Q@b5+ B@d7 13. Qxb7 Q@c6 14. Qxc6 Bxc6 15. P@b5 Bcd7 16. Q@d5 P@e2 17. Qxa8 
exf1=Q+ 18. Kxf1 R@g1+ 19. Kxg1 Q@e1+ 20. N@f1 Bxb5 21. N@d6+ cxd6 22. Qxd8+ Kxd8 
23. R@b8+ N@c8 24. Rxb5 P@e2 25. B@a5+ N@c7 26. Bxc7+ Kxc7 27. R@b7+ Kd8 28. B@a5+ 
Ke8 29. Nxe2 Qxe2 30. N@c7+ Kf8 31. P@h6 Qxc2 32. P@e7+ Kxe7 33. hxg7 N@e2+ 
34. Kh1 Q@g1# 
{Eyefor checkmated} 0-1

[Event "fics rated crazyhouse match"]
[Site "fics, Oklahoma City, OK USA"]
[Date "2000.03.16"]
[White "LordPixel"]
[WhiteElo "2419"]
[Black "Eyefor"]
[BlackElo "2358"]
[TimeControl "60+0"]
[Result "0-1"]

1. e4 Nf6 2. Nc3 d5 3. exd5 Nxd5 4. Nf3 e6 5. d4 Bb4 6. Bd2 
Bxc3 7. Bxc3 Nxc3 8. bxc3 P@b2 9. B@b5+ B@c6 10. Rb1 N@e4 11. N@a4 Nxf2 
12. Kxf2 P@e4 13. Ne5 Bxb5 14. Bxb5+ B@d7 15. Nxd7 Nxd7 16. Nc5 Qf6+ 17. Kg1 
N@f2 18. N@h5 Nxd1 19. Nxf6+ gxf6 20. Bxd7+ Bxd7 21. N@g7+ Ke7 22. Rxd1 N@e2+ 
23. Kf1 Nxc3 24. Re1 Q@b5+ 25. Kg1 P@d2 26. Rf1 B@e3+ 27. Rf2 d1=Q+ 28. N@e1 
Qxe1+ 29. B@f1 Bxf2# 
{LordPixel checkmated} 0-1

[Event "fics rated crazyhouse match"]
[Site "fics, Oklahoma City, OK USA"]
[Date "2000.03.16"]
[White "Eyefor"]
[WhiteElo "2367"]
[Black "LordPixel"]
[BlackElo "2410"]
[TimeControl "60+0"]
[Result "0-1"]

1. e4 e6 2. d4 d5 3. exd5 exd5 4. Bb5+ c6 5. Qe2+ Be6 6. Bf4 
cxb5 7. Qxb5+ B@c6 8. Qe2 P@c7 9. P@f5 Bd7 10. fxe6 Bxe6 11. P@f5 Bb4+ 
12. Kf1 P@d7 13. fxe6 fxe6 14. B@e5 Qe7 15. Bxc7 Nc6 16. P@d6 Nxd4 17. dxe7 
Bxe7 18. Qd2 P@c5 19. B@e5 Nf5 20. Q@b5 P@b6 21. Ke1 Nf6 22. Bxf6 P@a6 
23. Bxg7 axb5 24. Bxh8 Q@g8 25. P@f7+ Kxf7 26. R@g7+ Qxg7 27. Bxg7 R@e4+ 28. Ne2 
Kxg7 29. N@d6 Bxd6 30. Bcxd6 N@c4 31. B@e5+ Rxe5 32. Bfxe5+ Nxe5 33. Bxe5+ P@f6 
34. R@g5+ Kf7 35. Rxf5 exf5 36. Qxd5+ B@e6 37. N@d6+ Kg7 38. Qxb7 fxe5 39. Qxa8 
B@a4 40. Q@f8+ Kg6 41. R@f6+ Kg5 42. Qh6+ Kg4 
{Eyefor forfeits on time} 0-1

[Event "fics rated crazyhouse match"]
[Site "fics, Oklahoma City, OK USA"]
[Date "2000.03.16"]
[White "LordPixel"]
[WhiteElo "2417"]
[Black "Eyefor"]
[BlackElo "2360"]
[TimeControl "60+0"]
[Result "1-0"]

1. e4 Nf6 2. Nc3 d5 3. exd5 Nxd5 4. Nf3 e6 5. d4 Bb4 6. Bd2 
Bxc3 7. Bxc3 Nxc3 8. bxc3 P@b2 9. Bb5+ c6 10. B@g5 bxa1=Q 11. Qxa1 Qc7 
12. N@h5 R@e4+ 13. Kd1 N@f5 14. Bd3 h6 15. Bxh6 Rxh6 16. Nxg7+ Nxg7 17. Bxe4 
N@c4 18. R@g8+ B@f8 19. P@g5 B@b2 20. Rxf8+ Kxf8 21. gxh6 Bxa1 22. hxg7+ Ke7 
23. P@f6+ Kd8 24. P@e7+ Qxe7 25. fxe7+ Kxe7 26. B@f8+ Kd8 27. Q@e7# 
{Eyefor checkmated} 1-0

[Event "fics rated crazyhouse match"]
[Site "fics, Oklahoma City, OK USA"]
[Date "2000.03.16"]
[White "Eyefor"]
[WhiteElo "2353"]
[Black "LordPixel"]
[BlackElo "2424"]
[TimeControl "60+0"]
[Result "1-0"]

1. e4 e6 2. d4 Nf6 3. e5 Nd5 4. Nf3 Nc6 5. Be2 d6 6. exd6 
cxd6 7. O-O Be7 8. c4 Nb6 9. Nc3 P@g4 10. Ne1 Bf6 11. d5 Bxc3 
12. bxc3 exd5 13. cxd5 Ne5 14. P@f4 N@e4 15. fxe5 dxe5 16. B@b5+ Kf8 17. P@h6 
Nxc3 18. hxg7+ Kxg7 19. P@f6+ Kxf6 20. N@h5+ Kg6 21. Qc2+ Kxh5 22. Qxc3 Kg6 
23. Qxe5 f6 24. Qe4+ Kf7 25. P@e6+ Kf8 26. Bh6+ P@g7 27. e7+ Qxe7 28. Bxg7+ 
Kf7 29. N@h6+ Kxg7 30. Qxe7+ P@f7 31. Qxf7+ Kxh6 32. Q@h5# 
{LordPixel checkmated} 1-0

[Event "fics rated crazyhouse match"]
[Site "fics, Oklahoma City, OK USA"]
[Date "2000.03.16"]
[White "LordPixel"]
[WhiteElo "2414"]
[Black "Eyefor"]
[BlackElo "2363"]
[TimeControl "60+0"]
[Result "1-0"]

1. e4 Nf6 2. Nc3 e6 3. e5 Nd5 4. d4 Bb4 5. Bd2 Bxc3 6. bxc3 
N@e4 7. Ne2 Nxf2 8. Kxf2 P@e3+ 9. Bxe3 Nxe3 10. Kxe3 d6 11. Kf2 dxe5 
12. dxe5 Qxd1 13. Rxd1 Q@f5+ 14. N@f4 P@e3+ 15. Kxe3 Qxe5+ 16. P@e4 B@g5 17. N@d3 
Bxf4+ 18. Nexf4 N@c4+ 19. Kf2 Qxe4 20. B@a4+ P@c6 21. Kg1 Ne3 22. Nf2 Nxd1 
23. Nxe4 R@e5 24. P@f6 P@f2+ 25. Nxf2 gxf6 26. Q@g7 Nxf2 27. Qxh8+ N@f8 28. R@d8+ 
Kxd8 29. Qxf8+ Kd7 30. Q@e7# 
{Eyefor checkmated} 1-0

[Event "fics rated crazyhouse match"]
[Site "fics, Oklahoma City, OK USA"]
[Date "2000.03.16"]
[White "LordPixel"]
[WhiteElo "2412"]
[Black "Eyefor"]
[BlackElo "2365"]
[TimeControl "60+0"]
[Result "1-0"]

1. e4 Nf6 2. Nc3 d5 3. exd5 Nxd5 4. Nf3 e6 5. d4 Bb4 6. Bd2 
Bxc3 7. Bxc3 Nxc3 8. bxc3 P@b2 9. Bb5+ c6 10. Rb1 cxb5 11. N@h5 N@f5 
12. Rxb2 B@g4 13. Nf4 Bxf3 14. Qxf3 N@h4 15. Qe2 B@c4 16. P@d3 Qa5 17. B@b4 
Qc7 18. B@e5 Qc6 19. P@e4 Nxg2+ 20. Nxg2 P@h3 21. Nf4 Nxd4 22. cxd4 P@g2 
23. Rg1 Bxd3 24. Nxd3 P@a3 25. Rb3 a5 26. N@d6+ Kf8 27. Nxc8+ axb4 28. B@d6+ 
Ke8 29. N@c7+ Kd8 30. Nxa8 B@c3+ 31. Kd1 Qxc8 32. B@c7+ Ke8 33. R@e7+ Kf8 
34. Nb6 N@f4 35. Bxb8 Nxe2 36. Rc7+ Kg8 37. Rxc8+ Q@d8 38. Rxd8# 
{Eyefor checkmated} 1-0

[Event "fics rated crazyhouse match"]
[Site "fics, Oklahoma City, OK USA"]
[Date "2000.03.16"]
[White "Eyefor"]
[WhiteElo "2358"]
[Black "Tecumseh"]
[BlackElo "2271"]
[TimeControl "180+3"]
[Result "1-0"]

1. e4 Nc6 2. d4 d5 3. exd5 Qxd5 4. Nf3 Bg4 5. Nc3 Bxf3 6. Nxd5 
Bxd5 7. P@b5 P@h3 8. bxc6 Bxc6 9. d5 Bd7 10. gxh3 N@h4 11. P@g2 Rd8 
12. Q@g3 N@f5 13. Qxc7 Nf6 14. Qxb7 Rc8 15. P@c6 
{Tecumseh resigns} 1-0

[Event "fics rated crazyhouse match"]
[Site "fics, Oklahoma City, OK USA"]
[Date "2000.03.16"]
[White "Tecumseh"]
[WhiteElo "2265"]
[Black "Eyefor"]
[BlackElo "2364"]
[TimeControl "180+3"]
[Result "1-0"]

1. e4 e6 2. d4 d6 3. Nf3 Nf6 4. Nc3 Nc6 5. Be2 d5 6. e5 
Ne4 7. O-O Nxc3 8. bxc3 N@e4 9. Qe1 h6 10. Rb1 Be7 11. Bd3 Ng5 
12. Kh1 Nxf3 13. gxf3 h5 14. Rg1 N@h4 15. Qe2 Kf8 16. Bd2 g5 17. Rg3 
Nf5 18. Rbg1 Nxg3+ 19. fxg3 R@a3 20. f4 Rxa2 21. fxg5 P@e4 22. P@f6 exd3 
23. cxd3 Bxf6 24. gxf6 Rh7 25. N@g5 P@g2+ 26. Qxg2 Kg8 27. Nxh7 B@h6 28. Bxh6 
Nxe5 29. dxe5 P@g6 30. Qxa2 Bd7 31. B@g7 Kxh7 32. N@g5+ Kg8 33. R@h8# 
{Eyefor checkmated} 1-0

[Event "fics rated crazyhouse match"]
[Site "fics, Oklahoma City, OK USA"]
[Date "2000.03.16"]
[White "Eyefor"]
[WhiteElo "2354"]
[Black "Tecumseh"]
[BlackElo "2275"]
[TimeControl "180+3"]
[Result "1-0"]

1. e4 Nc6 2. d4 Nf6 3. Nc3 d5 4. exd5 Nxd5 5. P@b5 Ncb4 6. Nxd5 
Nxd5 7. Bc4 e6 8. N@c5 N@h4 9. Bf1 Bxc5 10. dxc5 N@f4 11. Bxf4 Nxf4 
12. Qxd8+ Kxd8 13. B@g5+ B@f6 14. Bxf6+ gxf6 15. Q@d4+ Ke8 16. N@g7+ Kf8 17. Qxf4 
B@g5 18. Nxe6+ Bxe6 19. B@h6+ P@g7 20. Bxg5 fxg5 21. P@e7+ Ke8 22. Qxc7 B@d2+ 
23. Ke2 Bc4+ 24. P@d3 f6 25. N@d6# 
{Tecumseh checkmated} 1-0

[Event "fics rated crazyhouse match"]
[Site "fics, Oklahoma City, OK USA"]
[Date "2000.03.16"]
[White "Gobi"]
[WhiteElo "2202"]
[Black "Tecumseh"]
[BlackElo "2269"]
[TimeControl "180+0"]
[Result "1-0"]

1. e4 Nc6 2. d4 d5 3. exd5 Qxd5 4. Nf3 Bg4 5. Be2 Rd8 6. Nc3 
Bxf3 7. Bxf3 Qxd4 8. Bxc6+ bxc6 9. Qxd4 Rxd4 10. P@d5 B@g4 11. N@e3 Rxd5 
12. Nexd5 Q@e6+ 13. R@e3 Qd7 14. Q@a8+ N@c8 15. B@b7 cxd5 16. Bc6 N@b6 17. Bxd7+ 
Bxd7 18. Nxd5 Nxa8 19. P@b7 Q@a5+ 20. Q@d2 Qxd2+ 21. Bxd2 Q@c6 22. bxa8=Q B@b7 
23. Nxc7+ Qxc7 24. N@d5 Bxd5 25. Qxd5 N@d6 26. P@c5 P@e6 27. cxd6 exd6 28. N@b5 
Bxb5 29. Qxb5+ P@c6 30. Qe2 P@b7 31. Rxe6+ fxe6 32. Qxe6+ R@e7 33. P@f7+ Kd8 
34. Q@e8+ Rxe8 35. fxe8=Q# 
{Tecumseh checkmated} 1-0

[Event "fics rated crazyhouse match"]
[Site "fics, Oklahoma City, OK USA"]
[Date "2000.03.16"]
[White "Tecumseh"]
[WhiteElo "2259"]
[Black "Gobi"]
[BlackElo "2212"]
[TimeControl "180+0"]
[Result "0-1"]

1. e4 e5 2. Nf3 Nc6 3. Bc4 Bc5 4. Nc3 Nf6 5. d3 h6 6. Nd5 
Ng4 7. O-O d6 8. c3 O-O 9. d4 Bb6 10. dxe5 dxe5 11. P@g6 Bxf2+ 
12. Rxf2 Nxf2 13. Kxf2 P@e6 14. Bxh6 exd5 15. B@h7+ Kh8 16. Bxg7+ Kxg7 17. N@h5+ 
Kh6 18. P@g5+ Kxh5 19. Nxe5+ N@g4+ 20. Nxg4 Bxg4 21. N@g3+ Kxg5 22. Qd2+ R@f4+ 
23. Qxf4+ Kxf4 24. P@e3+ Kg5 25. h4+ Kxh4 26. Rh1+ P@h3 27. R@h6+ Kg5 28. R1xh3 
N@d1# 
{Tecumseh forfeits on time} 0-1

[Event "fics rated crazyhouse match"]
[Site "fics, Oklahoma City, OK USA"]
[Date "2000.03.16"]
[White "Gobi"]
[WhiteElo "2221"]
[Black "Tecumseh"]
[BlackElo "2250"]
[TimeControl "180+0"]
[Result "1-0"]

1. e4 Nc6 2. d4 d5 3. exd5 Qxd5 4. Nf3 Bg4 5. Nc3 Bxf3 6. gxf3 
Qxd4 7. Be3 P@d2+ 8. Qxd2 Qxd2+ 9. Bxd2 Rd8 10. B@d5 e6 11. Bxc6+ bxc6 
12. N@e5 N@d4 13. Q@a4 P@g2 14. Bxg2 B@b5 15. Qxd4 Rxd4 16. P@d7+ Rxd7 17. Nxd7 
Q@d8 18. R@b8 Qxb8 19. Nxb8 Nf6 20. Nxb5 cxb5 21. P@d7+ Nxd7 22. Nxd7 R@e2+ 
23. Kxe2 N@d4+ 24. Kd1 P@e2+ 25. Kc1 Q@d1+ 26. Rxd1 exd1=Q+ 27. Kxd1 P@e2+ 28. Ke1 
R@d1+ 29. Rxd1 exd1=Q+ 30. Kxd1 Bd6 31. N@f6+ gxf6 32. Nxf6+ Ke7 33. N@d5+ exd5 
34. Q@d7+ Kxf6 35. Q@g5# 
{Tecumseh checkmated} 1-0

[Event "fics rated crazyhouse match"]
[Site "fics, Oklahoma City, OK USA"]
[Date "2000.03.16"]
[White "Tecumseh"]
[WhiteElo "2241"]
[Black "Gobi"]
[BlackElo "2230"]
[TimeControl "180+0"]
[Result "0-1"]

1. e4 e5 2. Nf3 Nc6 3. Bb5 Bc5 4. O-O Nf6 5. Bxc6 dxc6 6. Nxe5 
Qe7 7. d4 Nxe4 8. N@h5 Rg8 9. Re1 Nxf2 10. Kxf2 Bxd4+ 11. Qxd4 B@c5 
12. B@c3 Bxd4+ 13. Bxd4 Qh4+ 14. Kf1 Qxh5 15. B@f3 Qh4 16. Ng6+ Qxe1+ 17. Kxe1 
hxg6 18. Q@e2+ R@e6 19. P@e5 N@f5 20. Bf2 N@d4 21. Qe4 Nxf3+ 22. gxf3 B@d5 
23. Qe2 Q@h1+ 24. N@g1 P@d6 25. Nc3 Rxe5 26. Bce3 P@d4 27. Nxd5 cxd5 28. B@f4 
dxe3 29. Bxe5 exf2+ 30. Qxf2 dxe5 31. N@b5 B@a5+ 32. P@c3 P@e3 33. R@d8+ Kxd8 
34. Ke2 R@d1 35. Kxd1 Qxf3+ 36. Qxf3 P@e2+ 37. Qxe2 B@d3 38. R@e8+ Kxe8 39. P@d7+ 
Kxd7 40. Q@d8+ Kxd8 
{Tecumseh forfeits on time} 0-1

[Event "fics rated crazyhouse match"]
[Site "fics, Oklahoma City, OK USA"]
[Date "2000.03.16"]
[White "Tecumseh"]
[WhiteElo "2213"]
[Black "Eyefor"]
[BlackElo "2365"]
[TimeControl "180+3"]
[Result "0-1"]

1. e4 e6 2. d4 d6 3. Nf3 Nf6 4. Nc3 Nc6 5. Be2 d5 6. exd5 
Nxd5 7. Nxd5 exd5 8. Ne5 P@h3 9. Nxf7 hxg2 10. Rg1 Kxf7 11. N@g5+ Ke7 
12. P@e5 P@f6 13. exf6+ gxf6 14. P@e5 fxe5 15. dxe5 Nxe5 16. Rxg2 N@h4 17. Rg3 
Ke8 18. P@f7+ Nxf7 19. Nxf7 N@g2+ 20. Kf1 Kxf7 21. Bg5 Qxg5 22. Rxg5 N@e3+ 
23. Kg1 Nxd1 24. Bh5+ P@g6 25. N@e5+ Ke7 26. Q@f7+ Kd8 27. Rxd1 Q@d6 28. Rxd5 
P@d7 29. Rxd6 Bxd6 30. Q@e8+ Rxe8 31. Qxe8+ Kxe8 32. P@f7+ Ke7 33. R@e8+ Kf6 
34. N@g4+ Kxg5 35. f4+ Nxf4 
{Tecumseh forfeits on time} 0-1

[Event "fics rated crazyhouse match"]
[Site "fics, Oklahoma City, OK USA"]
[Date "2000.03.16"]
[White "Eyefor"]
[WhiteElo "2370"]
[Black "Tecumseh"]
[BlackElo "2208"]
[TimeControl "60+1"]
[Result "1-0"]

1. e4 e6 2. d4 Nf6 3. e5 Ne4 4. Nh3 d5 5. Be2 Be7 6. O-O 
h6 7. f3 Ng5 8. Nf4 Nc6 9. Nc3 Bd7 10. Be3 Nb4 11. h4 Bc6 
12. hxg5 hxg5 13. N@h5 Rh7 14. Bd3 P@f5 15. Nxg7+ Rxg7 16. Nh5 Rh7 17. P@g7 
Kd7 18. f4 g4 19. Nf6+ Bxf6 20. exf6 g3 21. B@e7 Qg8 22. Bxb4 Rxg7 
23. fxg7 Qxg7 24. N@e5+ Kc8 25. R@f8+ N@d8 26. Rxd8+ Kxd8 27. Nxc6+ bxc6 28. B@e7+ 
Kc8 29. Ba6+ P@b7 30. Bxb7+ Kxb7 31. N@a5+ Ka6 32. Qe2+ P@b5 33. Nxc6 B@h2+ 
34. Kh1 R@b7 35. a4 N@c4 36. axb5+ Kb6 37. Ra6# 
{Tecumseh checkmated} 1-0

[Event "fics rated crazyhouse match"]
[Site "fics, Oklahoma City, OK USA"]
[Date "2000.03.16"]
[White "Tecumseh"]
[WhiteElo "2203"]
[Black "Eyefor"]
[BlackElo "2375"]
[TimeControl "60+1"]
[Result "0-1"]

1. e4 Nf6 2. e5 Nd5 3. Nc3 e6 4. Bc4 Nf4 5. Qf3 Qg5 6. g3 
Qxe5+ 7. Nge2 Nxe2 8. Nxe2 N@d4 9. Qg4 Nxc2+ 10. Kf1 Nxa1 11. d4 R@d1+ 
12. Kg2 P@f3+ 13. Qxf3 Rxd4 14. Nxd4 P@h3+ 15. Kxh3 Qxd4 16. Qxf7+ Kxf7 17. N@g5+ 
Ke7 18. R@f7+ Ke8 19. P@f3 Qxc4 20. P@f4 B@f1+ 21. Rxf1 Qxf1+ 22. B@g2 Q@h5+ 
23. P@h4 N@g1# 
{Tecumseh checkmated} 0-1